 Dungeon Crawl Stone Soup version 0.24.1 (webtiles) character file.

Game seed: 3531382199172651773, levelgen mode: deterministic

83 Peloso the Covered (level 4, 0/40 HPs)
             Began as a Minotaur Fighter on Apr 4, 2020.
             Slain by an orc warrior
             ... wielding a +0 glaive of chopping
              (4 damage)
             ... on level 2 of the Dungeon.
             The game lasted 00:02:55 (1422 turns).

Peloso the Covered (Minotaur Fighter)               Turns: 1422, Time: 00:02:56

Health: 0/40       AC:  7    Str: 29    XL:     4   Next: 22%
Magic:  3/3        EV:  8    Int:  5    God:
Gold:   76         SH: 10    Dex:  9    Spells: 3/3 levels left

rFire    . . .     SeeInvis .   a - +0 long sword
rCold    . . .     Gourm    .   c - +0 shield
rNeg     . . .     Faith    .   b - +0 scale mail
rPois    .         Spirit   .   (helmet restricted)
rElec    .         Reflect  .   (no cloak)
rCorr    .         Harm     .   (no gloves)
MR       .....     Clarity  +   (no boots)
Stlth    ..........             (no amulet)
HPRegen  0.13/turn              e - +4 ring of strength
MPRegen  0.08/turn              (no ring)

@: mighty
A: retaliatory headbutt, horns 2, clarity, clumsy 1
a: no special abilities


You were on level 2 of the Dungeon.
You were hungry.

You visited 1 branch of the dungeon, and saw 3 of its levels.

You collected 76 gold pieces.

Inventory:

Hand Weapons
 a - a +0 long sword (weapon)
Armour
 b - a +0 scale mail (worn)
 c - a +0 shield (worn)
Jewellery
 e - a +4 ring of strength (left hand)
 j - an uncursed ring of protection from cold {unknown}
 n - a +2 amulet of reflection {unknown}
Scrolls
 h - 2 scrolls of teleportation {unknown}
 i - a scroll of enchant armour {unknown}
 l - 2 scrolls of remove curse {unknown}
 o - 2 scrolls of identify {unknown}
 p - a scroll of fog {unknown}
 q - a scroll of blinking {unknown}
Potions
 g - 2 potions of curing
 m - a potion of cancellation {unknown}
 r - a potion of agility {unknown}
Comestibles
 f - 3 rations


   Skills:
 + Level 4.0 Fighting
 + Level 3.9 Long Blades
 + Level 4.4 Armour
 + Level 0.2 Dodging
 + Level 4.2 Shields


You had 3 spell levels left.
You didn't know any spells.
Your spell library was empty.

Dungeon Overview and Level Annotations

Branches:
Dungeon (3/15)

Altars:


Innate Abilities, Weirdness & Mutations

You reflexively headbutt those who attack you in melee.
You have a pair of horns on your head.
You possess an exceptional clarity of mind.
You are clumsy. (Dex -2)


Message History

The orc priest hits you with a +0 dagger.
* * * LOW HITPOINT WARNING * * *
You closely miss the orc priest. You block the orc warrior's attack.
The orc priest closely misses you. You furiously retaliate!
You headbutt the orc priest.
Unknown command.
You slash the orc priest!
You kill the orc priest!
You have reached level 4!
You feel agile.
The orc warrior hits you with a +0 glaive of chopping.
* * * LOW HITPOINT WARNING * * *
x2 You hit the orc warrior but do no damage.
Your headbutt misses the orc warrior. You block the orc warrior's attack.
The orc hits you.
* * * LOW HITPOINT WARNING * * *
You closely miss the orc warrior. Your headbutt misses the orc warrior.
You block the orc's attack.
The orc warrior hits you with a +0 glaive of chopping.
You die...

#
#.....####.#..#.#.####.##.#
# #.#####
#.#..............# #####.#
#####.##.#<#.####.####
......# #............# #.#
### ####### #.###.####.###
#.# #.. #.# #.# #.#
#.####.. #.# #.# #.#
#.#..... ###.###.####.####
#.#..... #.......o@o.....#
#.#..... #.#.########.##.#
#.#.##.. #.#.########รท##.#
#.#.##.. #.#.........<##)#
#.......
########.#############.#
###.##.. .........#
#.#####.###. ##########
#........... #######.####
#.####


You could see an orc warrior and an orc.

Vanquished Creatures
  An orc priest (D:2)
  A gnoll (D:2)
  2 dart slugs (D:1)
  2 leopard geckos (D:2)
  A ball python (D:1)
  2 giant cockroaches
  6 goblins
  2 hobgoblins (D:2)
  6 bats
  3 frilled lizards
  7 kobolds
  6 rats
39 creatures vanquished.

Notes
Turn   | Place    | Note
-------+----------+-------------------------------------------
     0 | D:1      | Peloso the Minotaur Fighter began the quest for the Orb.
     0 | D:1      | Reached XP level 1. HP: 19/19 MP: 0/0
   186 | D:1      | Reached XP level 2. HP: 27/27 MP: 1/1
   665 | D:2      | Reached XP level 3. HP: 33/33 MP: 2/2
  1211 | D:2      | Gained mutation: You are clumsy. (Dex -2) [potion of
                  | mutation]
  1211 | D:2      | Gained mutation: You possess an exceptional clarity of
                  | mind. [potion of mutation]
  1415 | D:3      | Noticed an orc warrior
  1420 | D:2      | Reached XP level 4. HP: 9/40 MP: 3/3
  1422 | D:2      | Slain by an orc warrior

Levels and vault maps discovered:
D:1:      minmay_arrival_open_corners, layout_loops_ring, serial_glass,
          glass_columns_a, glass_columns_a, glass_columns_c, glass_columns_b,
          glass_columns_b, glass_columns_a, glass_columns_a, glass_columns_c,
          item_on_display_a, minmay_strange_pillars
D:2:      layout_loops_ring
D:3:      layout_rooms, lemuel_crystal_altar, xom_teletrap_fun

Skill      XL: |  1  2  3 |
---------------+----------+-----
Shields        | 4 |  4.2
Armour         | 4 |  4.4
Fighting       | 4 |  4.0
Long Blades    | 3 |  3.9
Dodging        | |  0.2

Action                   |  1- 3 |  4- 6 || total
-------------------------+-------+-------++-------
Melee: Long sword        |    77 |     2 ||    79
       Headbutt          |     7 |       ||     7
  Use: Potion            |     3 |       ||     3
  Eat: Chunk             |     1 |       ||     1
Armor: Scale mail        |    49 |       ||    49
Dodge: Dodged            |    25 |       ||    25
Block: Shield            |    52 |     2 ||    54
       Rpst.: Long sword |     7 |       ||     7
